TL
ROUND ROCK EXPRESS @ EL PASO CHIHUAHUAS
05/14/1982
 
TOP OF THE 1ST
Round Rock Express batting - Pitching for El Paso Chihuahuas : RHP Tom Smith
Pitching: RHP Tom Smith
Batting: LHB Steve Lyons 0-0: SINGLE (Line Drive, 9S, EV 110.0 MPH)
Batting: LHB Luis Armijo 0-0: Swinging Strike
Balk!
Steve Lyons to second
0-1: Called Strike
0-2: Foul Ball, location: 2F
0-2: Strikes out swinging
Batting: RHB Alejandro Sanchez 0-0: Swinging Strike
0-1: Fly out, F7 (Line Drive, 7, EV 93.8 MPH)
Batting: LHB Al Chambers 0-0: Ball
1-0: Fly out, F5 (Popup, 5, EV 75.0 MPH)
Top of the 1st over - 0 runs, 1 hit, 0 errors, 1 left on base; Round Rock 0 - El Paso 0
BOTTOM OF THE 1ST
El Paso Chihuahuas batting - Pitching for Round Rock Express : RHP Glen Cook
Pitching: RHP Glen Cook
Batting: LHB Andy Van Slyke 0-0: Swinging Strike
0-1: Swinging Strike
0-2: Ball
1-2: Foul Ball, location: 2F
1-2: Ball
2-2: Foul Ball, location: 2F
2-2: Fly out, F8 (Flyball, 8RD, EV 92.5 MPH)
Batting: RHB Steven Murray 0-0: Ball
1-0: Fly out, F4 (Popup, 4MD, EV 56.3 MPH)
Batting: RHB Jesse Vann 0-0: Fly out, F9 (Flyball, 9D, EV 96.3 MPH)
Bottom of the 1st over - 0 runs, 0 hits, 0 errors, 0 left on base; Round Rock 0 - El Paso 0
TOP OF THE 2ND
Round Rock Express batting - Pitching for El Paso Chihuahuas : RHP Tom Smith
Batting: LHB Dave Sanchez 0-0: Ball
1-0: Ball
2-0: Ball
3-0: Base on Balls
Batting: LHB James Jennings 0-0: Called Strike
0-1: Ball
1-1: Foul Ball, location: 2F
1-2: Ball
2-2: Fly out, F7 (Flyball, 78D, EV 95.6 MPH)
Pitching: RHP Alejandro Pena
Batting: LHB Buck Showalter 0-0: Ball
1-0: Ball
2-0: SINGLE (Line Drive, 78M, EV 91.3 MPH)
Dave Sanchez to second
Batting: RHB Mike Sodders 0-0: Ball
1-0: Ball
2-0: Ball
3-0: Called Strike
3-1: Base on Balls
Dave Sanchez to third
Buck Showalter to second
Batting: RHB George Ramos 0-0: Called Strike
0-1: Ball
1-1: Ball
2-1: Ball
3-1: Foul Ball, location: 2F
3-2: SINGLE (Line Drive, 7S, EV 105.6 MPH)
Dave Sanchez scores
Buck Showalter to third
Mike Sodders to second
Batting: LHB Steve Lyons 0-0: Ball
1-0: Ball
2-0: Ball
3-0: Called Strike
3-1: Swinging Strike
3-2: Strikes out swinging
Batting: LHB Luis Armijo 0-0: Fly out, F8 (Line Drive, 8RM, EV 91.3 MPH)
Top of the 2nd over - 1 run, 2 hits, 0 errors, 3 left on base; Round Rock 1 - El Paso 0
BOTTOM OF THE 2ND
El Paso Chihuahuas batting - Pitching for Round Rock Express : RHP Glen Cook
Batting: RHB Bill Lyons 0-0: Ball
1-0: Swinging Strike
1-1: Swinging Strike
1-2: Strikes out swinging
Batting: LHB Dan Murphy 0-0: Ball
1-0: Ball
2-0: Ball
3-0: Base on Balls
Batting: RHB Tom Roarke 0-0: Ball
1-0: Ball
2-0: Called Strike
2-1: Foul Ball, location: 2F
2-2: Strikes out swinging
Batting: RHB Leo George 0-0: Fielders Choice at 2nd, 6-4 (Groundball, 6, EV 91.9 MPH)
Bottom of the 2nd over - 0 runs, 0 hits, 0 errors, 1 left on base; Round Rock 1 - El Paso 0
TOP OF THE 3RD
Round Rock Express batting - Pitching for El Paso Chihuahuas : RHP Alejandro Pena
Batting: RHB Alejandro Sanchez 0-0: Ball
1-0: Ball
2-0: Ball
3-0: Swinging Strike
3-1: Base on Balls
Batting: LHB Al Chambers 0-0: Foul Ball, location: 2F
0-1: Ball
1-1: Ground out U3 (Groundball, 3S, EV 69.4 MPH)
Alejandro Sanchez to second
Batting: LHB Dave Sanchez 0-0: Called Strike
Alejandro Sanchez is caught stealing 3rd base 2-5
0-1: Hit by Pitch
Batting: LHB James Jennings 0-0: Foul Ball, location: 2F
0-1: Ball
1-1: Foul Ball, location: 2F
1-2: Ball
2-2: Ball
3-2: SINGLE (Groundball, 4M, EV 76.9 MPH) (infield hit)
Dave Sanchez to second
Batting: LHB Buck Showalter 0-0: Ball
1-0: Called Strike
1-1: Ball
2-1: SINGLE (Flyball, 4D, EV 84.4 MPH)
Dave Sanchez to third
James Jennings to second
Runner from 3rd tries for Home, SAFE, throw by CF to home
Batting: RHB Mike Sodders 0-0: Called Strike
0-1: Ball
1-1: SINGLE (Groundball, 4MD, EV 101.9 MPH)
James Jennings to third
Buck Showalter to second
Runner from 3rd tries for Home, SAFE, throw by CF to home
Batting: RHB George Ramos 0-0: Foul Ball, location: 2F
0-1: Ball
1-1: Ball
2-1: Ball
3-1: Foul Ball, location: 2F
3-2: Foul Ball, location: 2F
3-2: Foul Ball, location: 2F
3-2: SINGLE (Flyball, 5D, EV 93.1 MPH)
Buck Showalter to third
Mike Sodders to second
Buck Showalter scores
Mike Sodders to third
Batting: LHB Steve Lyons 0-0: Ball
1-0: Foul Ball, location: 2F
1-1: Ball
Pickoff Throw to First - Out! 1-3
Top of the 3rd over - 3 runs, 4 hits, 0 errors, 1 left on base; Round Rock 4 - El Paso 0
BOTTOM OF THE 3RD
El Paso Chihuahuas batting - Pitching for Round Rock Express : RHP Glen Cook
Batting: RHB William Parmenter 0-0: Called Strike
0-1: Ball
1-1: Ball
2-1: Ball
3-1: Swinging Strike
3-2: Strikes out looking
Batting: RHB Cliff Wherry 0-0: SINGLE (Groundball, 56D, EV 97.5 MPH)
Batting: LHB Andy Van Slyke 0-0: Ball
1-0: Foul Ball, location: 2F
1-1: Ball
2-1: Ball
3-1: Base on Balls
Cliff Wherry to second
Batting: RHB Steven Murray 0-0: Ball
Wild Pitch!
Cliff Wherry to third
Andy Van Slyke to second
1-0: Ball
2-0: Foul Ball, location: 2F
2-1: Foul Ball, location: 2F
2-2: Ball
3-2: Ground out 6-3 (Groundball, 6, EV 103.8 MPH)
Cliff Wherry scores
Batting: RHB Jesse Vann 0-0: Ball
1-0: Ball
2-0: Called Strike
2-1: Ball
3-1: Foul Ball, location: 2F
3-2: Fly out, F2 (Popup, 23F, EV 86.9 MPH)
Bottom of the 3rd over - 1 run, 1 hit, 0 errors, 1 left on base; Round Rock 4 - El Paso 1
TOP OF THE 4TH
Round Rock Express batting - Pitching for El Paso Chihuahuas : RHP Alejandro Pena
Batting: LHB Steve Lyons 0-0: SINGLE (Line Drive, 78S, EV 91.9 MPH)
Batting: LHB Luis Armijo 0-0: Fielders Choice at 2nd, 3-6 (Groundball, 3, EV 88.1 MPH)
Batting: RHB Alejandro Sanchez 0-0: Foul Ball, location: 2F
0-1: Foul Ball, location: 2F
0-2: Ball
1-2: Ground out 6-3 (Groundball, 6S, EV 68.8 MPH)
Luis Armijo to second
Pitching: RHP Gordon Gauntlett
Batting: LHB Al Chambers 0-0: Foul Ball, location: 2F
0-1: Ball
1-1: Ball
2-1: Ball
3-1: Ground out 4-3 (Groundball, 4, EV 101.9 MPH)
Top of the 4th over - 0 runs, 1 hit, 0 errors, 1 left on base; Round Rock 4 - El Paso 1
BOTTOM OF THE 4TH
El Paso Chihuahuas batting - Pitching for Round Rock Express : RHP Glen Cook
Batting: RHB Bill Lyons 0-0: Ground out 4-3 (Groundball, 4, EV 99.4 MPH)
Batting: LHB Dan Murphy 0-0: Ball
1-0: Ball
2-0: Ball
3-0: Called Strike
3-1: Foul Ball, location: 2F
3-2: Foul Ball, location: 2F
3-2: SINGLE (Line Drive, 89S, EV 108.8 MPH)
Batting: RHB Tom Roarke 0-0: Called Strike
0-1: SINGLE (Line Drive, 4D, EV 101.3 MPH)
Dan Murphy to second
Batting: RHB Leo George 0-0: Foul Ball, location: 2F
0-1: Swinging Strike
0-2: Ball
1-2: Ball
2-2: Foul Ball, location: 2F
2-2: Foul Ball, location: 2F
2-2: Foul Ball, location: 2F
2-2: Ball
3-2: SINGLE (Groundball, 6MD, EV 96.9 MPH)
Dan Murphy to third
Tom Roarke to second
Runner from 3rd tries for Home, SAFE, throw by CF to home
Batting: RHB William Parmenter 0-0: Called Strike
0-1: Ball
1-1: Ball
2-1: Ball
3-1: Ground out 5-3 (Groundball, 56S, EV 71.3 MPH)
Tom Roarke to third
Leo George to second
Batting: RHB Cliff Wherry 0-0: Ground out 4-3 (Groundball, 34, EV 103.8 MPH)
Bottom of the 4th over - 1 run, 3 hits, 0 errors, 2 left on base; Round Rock 4 - El Paso 2
TOP OF THE 5TH
Round Rock Express batting - Pitching for El Paso Chihuahuas : RHP Gordon Gauntlett
Batting: LHB Dave Sanchez 0-0: Called Strike
0-1: Ball
1-1: Called Strike
1-2: Ground out 4-3 (Groundball, 4MS, EV 73.1 MPH)
Batting: LHB James Jennings 0-0: Ball
1-0: Foul Ball, location: 2F
1-1: Fly out, F9 (Flyball, 9, EV 90.6 MPH)
Batting: LHB Buck Showalter 0-0: Ground out U3 (Groundball, 34, EV 92.5 MPH)
Top of the 5th over - 0 runs, 0 hits, 0 errors, 0 left on base; Round Rock 4 - El Paso 2
BOTTOM OF THE 5TH
El Paso Chihuahuas batting - Pitching for Round Rock Express : RHP Glen Cook
Batting: LHB Andy Van Slyke 0-0: Called Strike
0-1: Ball
1-1: Ball
2-1: Called Strike
2-2: Ball
3-2: Ground out 5-3 (Groundball, 5, EV 80.6 MPH)
Batting: RHB Steven Murray 0-0: Ball
1-0: Ball
2-0: Called Strike
2-1: Ball
3-1: Base on Balls
Batting: RHB Jesse Vann 0-0: Ball
1-0: Ball
2-0: Ball
3-0: Called Strike
3-1: Foul Ball, location: 2F
3-2: SINGLE (Groundball, 6M, EV 84.4 MPH) (infield hit)
Steven Murray to second
Batting: RHB Bill Lyons 0-0: Called Strike
0-1: Called Strike
Steven Murray is caught stealing 3rd base 2-5
0-2: Ball
1-2: Strikes out looking
Bottom of the 5th over - 0 runs, 1 hit, 0 errors, 1 left on base; Round Rock 4 - El Paso 2
TOP OF THE 6TH
Round Rock Express batting - Pitching for El Paso Chihuahuas : RHP Gordon Gauntlett
Batting: RHB Mike Sodders 0-0: Ball
1-0: Called Strike
1-1: Ball
2-1: Called Strike
2-2: Strikes out swinging
Batting: RHB George Ramos 0-0: Ball
1-0: Swinging Strike
1-1: Ball
2-1: Ball
3-1: Base on Balls
Batting: LHB Steve Lyons 0-0: Ball
1-0: Ball
2-0: Called Strike
2-1: Fly out, F8 (Flyball, 8LD, EV 105.0 MPH)
Batting: LHB Luis Armijo 0-0: Called Strike
George Ramos steals 2nd base
0-1: Ball
1-1: Foul Ball, location: 2F
1-2: Ball
Wild Pitch!
George Ramos to third
2-2: Ball
3-2: Base on Balls
Batting: RHB Alejandro Sanchez 0-0: Called Strike
0-1: Called Strike
0-2: Ball
1-2: SINGLE (Groundball, 56D, EV 97.5 MPH)
George Ramos scores
Luis Armijo to second
Batting: LHB Al Chambers 0-0: Fielders Choice at 2nd, 6-4 (Groundball, 6, EV 88.8 MPH)
Top of the 6th over - 1 run, 1 hit, 0 errors, 2 left on base; Round Rock 5 - El Paso 2
BOTTOM OF THE 6TH
El Paso Chihuahuas batting - Pitching for Round Rock Express : RHP Glen Cook
Batting: LHB Dan Murphy 0-0: Called Strike
0-1: Called Strike
0-2: Ball
1-2: Strikes out swinging
Batting: RHB Tom Roarke 0-0: Called Strike
0-1: Ball
1-1: Swinging Strike
1-2: Ball
2-2: SINGLE (Flyball, 8RS, EV 92.5 MPH)
Pitching: RHP Bret Cleland
Batting: RHB Leo George 0-0: Fly out, F4 (Flyball, 4D, EV 77.5 MPH)
Batting: RHB William Parmenter 0-0: Called Strike
0-1: Ball
1-1: Ball
2-1: Ball
3-1: SINGLE (Groundball, 6, EV 105.0 MPH)
Tom Roarke to second
Batting: RHB Cliff Wherry 0-0: Foul Ball, location: 2F
0-1: Swinging Strike
0-2: Strikes out swinging
Bottom of the 6th over - 0 runs, 2 hits, 0 errors, 2 left on base; Round Rock 5 - El Paso 2
TOP OF THE 7TH
Round Rock Express batting - Pitching for El Paso Chihuahuas : RHP Gordon Gauntlett
Batting: LHB Dave Sanchez 0-0: Called Strike
0-1: Ball
1-1: Ball
2-1: Ball
3-1: Foul Ball, location: 2F
3-2: Base on Balls
Batting: LHB James Jennings 0-0: Bunt missed!
0-1: Bunt missed!
0-2: Ball
1-2: Ball
2-2: Ball
3-2: Base on Balls
Dave Sanchez to second
Batting: LHB Buck Showalter 0-0: Ball
1-0: Ball
2-0: Bunt missed!
2-1: Bunted foul
2-2: Ball
3-2: Fielders Choice at 2nd, 5-4 (Groundball, 56, EV 107.5 MPH)
Dave Sanchez to third
Batting: RHB Mike Sodders 0-0: Ball
1-0: Ball
2-0: Ball
Wild Pitch!
Dave Sanchez scores
Buck Showalter to second
3-0: Called Strike
3-1: Foul Ball, location: 2F
3-2: SINGLE (Line Drive, 34D, EV 105.0 MPH)
Buck Showalter to third
Runner from 3rd tries for Home, SAFE, throw by RF to home
Pitching: RHP Gary Kaczor
Batting: RHB George Ramos 0-0: Ball
1-0: Ball
2-0: Called Strike
2-1: SINGLE (Groundball, 6M, EV 107.5 MPH) (infield hit)
Mike Sodders to second
Batting: LHB Steve Lyons 0-0: Swinging Strike
0-1: Swinging Strike
0-2: Ball
1-2: Foul Ball, location: 2F
1-2: Foul Ball, location: 2F
1-2: Ball
2-2: Foul Ball, location: 2F
2-2: Foul Ball, location: 2F
2-2: Fly out, F8 (Line Drive, 8RM, EV 88.1 MPH)
Batting: LHB Luis Armijo 0-0: Called Strike
0-1: Ball
1-1: Called Strike
1-2: Ball
Wild Pitch!
Mike Sodders to third
George Ramos to second
2-2: Foul Ball, location: 2F
2-2: Ball
3-2: Fly out, F6 (Line Drive, 6, EV 73.8 MPH)
Top of the 7th over - 2 runs, 2 hits, 0 errors, 2 left on base; Round Rock 7 - El Paso 2
BOTTOM OF THE 7TH
El Paso Chihuahuas batting - Pitching for Round Rock Express : RHP Bret Cleland
Batting: LHB Andy Van Slyke 0-0: Foul Ball, location: 2F
0-1: SINGLE (Groundball, 34D, EV 106.3 MPH)
Batting: RHB Steven Murray 0-0: Ball
1-0: Called Strike
1-1: Ball
2-1: Foul Ball, location: 2F
2-2: TRIPLE (Line Drive, 78XD, EV 111.9 MPH)
Andy Van Slyke scores
Batting: RHB Jesse Vann 0-0: Called Strike
0-1: Ball
1-1: Foul Ball, location: 2F
1-2: Ball
2-2: Fly out, F8 (Flyball, 8RD, EV 85.6 MPH)
Runner from 3rd tags up, OUT at HOME! 8-2
Batting: RHB Bill Lyons 0-0: Ball
1-0: Called Strike
1-1: Ball
2-1: Ground out 4-3 (Groundball, 34, EV 81.9 MPH)
Bottom of the 7th over - 1 run, 2 hits, 0 errors, 0 left on base; Round Rock 7 - El Paso 3
TOP OF THE 8TH
Round Rock Express batting - Pitching for El Paso Chihuahuas : RHP Gary Kaczor
Batting: RHB Alejandro Sanchez 0-0: Foul Ball, location: 2F
0-1: Called Strike
0-2: Ball
1-2: Foul Ball, location: 2F
1-2: Foul Ball, location: 2F
1-2: Ball
2-2: Foul Ball, location: 2F
2-2: SINGLE (Line Drive, 8RS, EV 98.1 MPH)
Batting: LHB Al Chambers 0-0: Swinging Strike
0-1: SINGLE (Groundball, 6MD, EV 100.0 MPH)
Alejandro Sanchez to second
Batting: LHB Dave Sanchez 0-0: Fly out, F3 (Popup, 23F, EV 85.0 MPH)
Batting: LHB James Jennings 0-0: Ball
1-0: Foul Ball, location: 2F
1-1: Ball
2-1: Ball
3-1: Foul Ball, location: 2F
3-2: Base on Balls
Alejandro Sanchez to third
Al Chambers to second
Batting: LHB Buck Showalter 0-0: SINGLE (Groundball, 6D, EV 95.0 MPH)
Alejandro Sanchez scores
Al Chambers to third
James Jennings to second
Runner from 3rd tries for Home, SAFE, throw by CF to home
Batting: RHB Mike Sodders 0-0: Ball
1-0: Called Strike
1-1: SINGLE (Line Drive, 7S, EV 86.9 MPH)
James Jennings to third
Buck Showalter to second
Runner from 3rd tries for Home, SAFE, throw by LF to home
Pinch Hitting: RHB Val Medina 0-0: Ball
1-0: Foul Ball, location: 2F
1-1: SINGLE (Groundball, 4D, EV 94.4 MPH)
Buck Showalter to third
Mike Sodders to second
Runner from 3rd tries for Home, SAFE, throw by RF to home
Batting: LHB Steve Lyons 0-0: Fielders Choice at 2nd, 3-6 (Groundball, 34S, EV 89.4 MPH)
Mike Sodders to third
Batting: LHB Luis Armijo 0-0: Ball
1-0: Ball
2-0: Ball
3-0: Called Strike
3-1: Base on Balls
Steve Lyons to second
Pinch Hitting: SHB Wayne Rudolph 0-0: Called Strike
0-1: Called Strike
0-2: Ball
1-2: Foul Ball, location: 2F
1-2: Ball
Wild Pitch!
Mike Sodders scores
Steve Lyons to third
Luis Armijo to second
2-2: Ball
3-2: Foul Ball, location: 2F
3-2: Foul Ball, location: 2F
3-2: Base on Balls
Batting: LHB Al Chambers 0-0: Ball
1-0: Fly out, F9 (Flyball, 89M, EV 94.4 MPH)
Top of the 8th over - 5 runs, 5 hits, 0 errors, 3 left on base; Round Rock 12 - El Paso 3
BOTTOM OF THE 8TH
El Paso Chihuahuas batting - Pitching for Round Rock Express : RHP Bret Cleland
Now at SS: Martyn Maxwell
Now in RF: Wayne Rohlfing
Pinch Hitting: SHB Otis Tramble 0-0: Called Strike
0-1: Ball
1-1: Foul Ball, location: 2F
1-2: Strikes out looking
Pitching: RHP Jeff Keener
Batting: RHB Tom Roarke 0-0: Foul Ball, location: 2F
0-1: Ball
1-1: Ball
2-1: Called Strike
2-2: Ball
3-2: Base on Balls
Pinch Hitting: LHB Matthew Vejar 0-0: Called Strike
0-1: SINGLE (Groundball, 56D, EV 100.6 MPH) (infield hit)
Tom Roarke to second
Pinch Hitting: RHB Antonio Pilla 0-0: Swinging Strike
0-1: Ball
1-1: Ball
2-1: Swinging Strike
2-2: Foul Ball, location: 2F
2-2: Strikes out looking
Pinch Hitting: RHB Frederick DeVito 0-0: Called Strike
0-1: Fly out, F1 (Line Drive, P, EV 67.5 MPH)
Bottom of the 8th over - 0 runs, 1 hit, 0 errors, 2 left on base; Round Rock 12 - El Paso 3
TOP OF THE 9TH
Round Rock Express batting - Pitching for El Paso Chihuahuas : RHP Gary Kaczor
Pitching: RHP Russell Burgin
Now at 2B: Antonio Pilla
Now at 3B: Frederick DeVito
Now in CF: Otis Tramble
Now in RF: Matthew Vejar
Batting: LHB Dave Sanchez 0-0: Foul Ball, location: 2F
0-1: Ball
1-1: Ball
2-1: Ball
3-1: Base on Balls
Batting: LHB James Jennings 0-0: Foul Ball, location: 2F
0-1: Called Strike
0-2: Ball
1-2: Strikes out swinging
Batting: LHB Buck Showalter 0-0: Foul Ball, location: 2F
0-1: Reached on error, E6 (Groundball, 6M, EV 79.4 MPH)
Dave Sanchez to second
Batting: RHB Mike Sodders 0-0: Foul Ball, location: 2F
0-1: Swinging Strike
0-2: Ball
1-2: Ball
2-2: Ball
3-2: Base on Balls
Dave Sanchez to third
Buck Showalter to second
Batting: RHB Martyn Maxwell 0-0: Called Strike
0-1: Ball
1-1: Fly out, F6 (Flyball, 6D, EV 86.9 MPH)
Batting: LHB Steve Lyons 0-0: Fly out, F1 (Line Drive, P, EV 66.9 MPH)
Top of the 9th over - 0 runs, 0 hits, 1 error, 3 left on base; Round Rock 12 - El Paso 3
BOTTOM OF THE 9TH
El Paso Chihuahuas batting - Pitching for Round Rock Express : RHP Jeff Keener
Batting: LHB Andy Van Slyke 0-0: Ball
1-0: Ball
2-0: Ground out 5-3 (Groundball, 5L, EV 88.1 MPH)
Batting: RHB Steven Murray 0-0: Ball
1-0: Ball
2-0: Ground out 4-3 (Groundball, 4, EV 104.4 MPH)
Pinch Hitting: RHB Scot Pyle 0-0: Swinging Strike
0-1: Foul Ball, location: 2F
0-2: Ball
1-2: Fly out, F8 (Flyball, 8RD, EV 83.1 MPH)
Bottom of the 9th over - 0 runs, 0 hits, 0 errors, 0 left on base; Round Rock 12 - El Paso 3
Thursday, July 30th, 2020 - OOTP Baseball 21.5 Build 71